 Dungeon Crawl Stone Soup version 0.30-a0-1035-g38d5fb2972 (webtiles) character file.

Game seed: 14145274009656760236

1373 DeathPants the Stinger (level 8, -1/57 HPs)
             Began as a Ghoul Venom Mage on Apr 8, 2023.
             Was a Follower of Kikubaaqudgha.
             Killed from afar by a wight (10 damage)
             ... with an iceblast
             ... on level 7 of the Dungeon.
             The game lasted 00:21:55 (7824 turns).

DeathPants the Stinger (Ghoul Venom Mage)           Turns: 7824, Time: 00:21:56

Health: -1/57      AC:  6    Str: 17    XL:     8   Next: 66%
Magic:  13/13      EV: 12    Int: 12    God:    Kikubaaqudgha [*.....]
Gold:   1267       SH:  5    Dex:  9    Spells: 1/15 levels left

rFire   . . .      SeeInvis .    a - +3 dagger (protect)
rCold   + . .      Faith    .    (no shield)
rNeg    + + +      Spirit   .    i - +0 robe
rPois   ∞          Reflect  +    p - +1 helmet
rElec   .          Rampage  .    (no cloak)
rCorr   .                        (no gloves)
Will    .....                    n - +1 pair of boots of Servitude {Str+5}
Stlth   ++                       r - amulet of reflection
HPRegen 0.00/turn                (no ring)
MPRegen 0.13/turn                (no ring)

@: inhibited regen
A: claws 1, cold resistance 1, negative energy resistance 3, inhibited
regeneration, torment resistance 2, devour on kill
a: Renounce Religion, Unearth Wretches


You were on level 7 of the Dungeon.
You worshipped Kikubaaqudgha.
Kikubaaqudgha was aware of your devotion.
You visited 2 branches of the dungeon, and saw 8 of its levels.

You collected 1267 gold pieces.

Inventory:

Hand Weapons
 a - a +3 dagger of protection (weapon)
 b - a +1 dagger of venom
 u - a +0 flail
 v - a +0 hand axe
 z - a +0 whip of venom
 A - a +6 battleaxe
 B - a +2 morningstar
Missiles
 c - 4 atropa-tipped darts
 y - 2 poisoned darts
Armour
 i - a +0 robe (worn)
 n - the +1 pair of boots of Servitude (worn) {Str+5}
   (You found it on level 2 of the Dungeon)

   Str:       It affects your strength (+5).
 p - a +1 helmet (worn)
 s - a +2 leather armour of cold resistance
Jewellery
 r - an amulet of reflection (around neck)
Wands
 g - a wand of mindburst (6)
 o - a wand of digging (12)
 x - a wand of paralysis (9)
Scrolls
 e - a scroll of magic mapping
 l - a scroll of fear
Potions
 f - a potion of resistance
 h - 2 potions of flight
 j - 4 potions of curing
 m - 2 potions of cancellation
 q - 3 potions of magic
 t - a potion of ambrosia


   Skills:
 + Level 3.3 Dodging
 - Level 2.1 Stealth
 - Level 4.0 Spellcasting
 - Level 4.0 Conjurations
 - Level 0.8 Transmutations
 - Level 4.0 Air Magic
 - Level 6.0 Poison Magic


You had one spell level left.
You knew the following spells:

 Your Spells              Type           Power      Damage    Failure   Level
a - Sting                 Tmut/Pois      40%        1d5       5%          1
b - Poisonous Vapours     Pois/Air       28%        N/A       4%          2
c - Mephitic Cloud        Conj/Pois/Air  13%        N/A       10%         3
d - Olgreb's Toxic Radia  Pois           16%        N/A       19%         4
e - Animate Dead          Necr           2%         N/A       91%         4

Your spell library contained the following spells:

 Spells                   Type           Power      Damage    Failure   Level
 Kiss of Death            Conj/Necr      28%        2d7       10%         1
 Necrotise                Necr           8%         1d4       22%         1
 Static Discharge         Conj/Air       24%        2-3/arc   6%          2
 Cigotuvi's Dreadful Rot  Necr/Pois/Air  20%        N/A       9%          2
 Hailstorm                Conj/Ice       7%         3d4       28%         3
 Airstrike                Air            6%         2d(1-17)  38%         4
 Summon Lightning Spire   Summ/Air       7%         N/A       67%         4
 Dispel Undead            Necr           2%         3d7       91%         4
 Death Channel            Necr           1%         N/A       100%        6
 Simulacrum               Ice/Necr       1%         N/A       100%        6
 Ice Form                 Ice/Tmut       Unusable   N/A       N/A         4

Dungeon Overview and Level Annotations

Branches:
Dungeon (7/15)             Temple (1/1) D:4

Altars:
Ashenzari
Cheibriados
Dithmenos
Fedhas
Gozag
Kikubaaqudgha
Makhleb
Qazlal
Wu Jian
Xom

Shops:
D:5 (


Innate Abilities, Weirdness & Mutations

You are immune to poison.
You have sharp fingernails.
Your flesh is cold resistant. (rC+)
You are immune to negative energy. (rN+++)
You do not regenerate when monsters are visible.
You are immune to unholy pain and torment.
You thrive by killing the living.


Message History

The wight barely misses you. You block the wight's attack.
The hound barks!
You hit the wight but do no damage.
The wight is heavily damaged.
The wight hits you with a +0 mace. The wight hits you with a +0 battleaxe!
You hit the wight.
The wight is severely damaged.
The wight misses you. The wight hits you with a +0 battleaxe!
You closely miss the wight.
The wight is severely damaged.
You block the wight's attack. The wight barely misses you.
The wight closely misses you.
There is a stone staircase leading down here.
The wight closely misses you. The wight barely misses you.
The hound misses you.
You climb downwards.
There is a stone staircase leading up here.
You closely miss the wight.
The wight is severely damaged.
The wight zaps a wand.
The mass of ice explodes!
The iceblast engulfs you! You partially resist.
* * * LOW HITPOINT WARNING * * *
The iceblast engulfs the wight.
The wight partially resists.
The iceblast engulfs the wight!
The wight partially resists.
The wight barely misses you.
You hear a shout! x5
As you read the scroll labelled DEFRUI YNKIQON, it crumbles to dust.
It is a scroll of enchant weapon.
Your +5 battleaxe glows red for a moment.
The wight misses you. x2
As you read the scroll labelled CUZXAINESAS, it crumbles to dust.
The creatures around you are filled with an inner flame!
It was a scroll of immolation.
The wight hits you with a +0 mace.
* * * LOW HITPOINT WARNING * * *
The wight completely misses you.
Okay, then.
Found a stone staircase leading up.
The wight zaps a wand.
The mass of ice explodes!
The iceblast engulfs you! You partially resist.
You die...
Kikubaaqudgha rasps: "You have failed me!
Welcome... oblivion!"

.... #... #.
#... ... #...
..#< #...
....
#...####?.#
#.....@...#
#....z....#
#...[z....#
#.........#
#.........#
#..........#
#............
#............
#.....)...##.


You could see 2 wights.

Vanquished Creatures
  2 black bears
  A centaur (D:6)
  2 ogres
  A gnoll sergeant (D:5)
  A scorpion (D:5)
  2 wights
  2 hounds
  2 jellies
  An orc priest (D:5)
  2 gnoll boudas (D:5)
  Jessica (D:2)
  An orc wizard (D:4)
  A sleepcap (D:5)
  Ijyb (D:3)
  Natasha (D:3)
  An iguana (D:5)
  Robin (D:2)
  21 gnolls
  4 adders
  An ufetubus (D:6)
  2 worms
  3 dart slugs
  12 orcs
  5 endoplasms
  3 giant cockroaches (D:1)
  16 goblins
  10 hobgoblins
  3 jackals (D:1)
  4 quokkas
  7 ball pythons
  3 bats
  2 frilled lizards (D:1)
  8 kobolds
  2 rats
129 creatures vanquished.

Vanquished Creatures (others)
  9 fungi (D:4)
  A plant (D:1)
10 creatures vanquished.

Grand Total: 139 creatures vanquished

Notes
Turn   | Place    | Note
-------+----------+-------------------------------------------
     0 | D:1      | DeathPants the Ghoul Venom Mage began the quest for the
                  | Orb.
     0 | D:1      | Reached XP level 1. HP: 14/14 MP: 2/2
   107 | D:1      | Reached XP level 2. HP: 16/20 MP: 0/3
   490 | D:1      | Learned a level 2 spell: Poisonous Vapours
   692 | D:1      | Reached XP level 3. HP: 10/26 MP: 0/5
  1419 | D:1      | Learned a level 3 spell: Mephitic Cloud
  1565 | D:2      | Noticed Robin
  1576 | D:2      | Reached skill level 4 in Poison Magic
  2200 | D:2      | Noticed Jessica
  2210 | D:2      | Killed Jessica
  2211 | D:2      | Reached XP level 4. HP: 30/33 MP: 2/6
  2386 | D:2      | Killed Robin
  2530 | D:2      | Identified the +1 pair of boots of Servitude {Str+5}
  3063 | D:3      | Reached XP level 5. HP: 38/38 MP: 5/8
  3121 | D:3      | Noticed Ijyb
  3137 | D:3      | Killed Ijyb
  3138 | D:3      | Reached skill level 5 in Poison Magic
  3734 | D:3      | Noticed Natasha
  3745 | D:3      | Killed Natasha
  3841 | D:3      | Found a faded altar of an unknown god.
  3903 | D:4      | Reached XP level 6. HP: 45/45 MP: 7/9
  3951 | D:3      | Learned a level 4 spell: Olgreb's Toxic Radiance
  4112 | D:3      | Identified a scroll of acquirement
  4112 | D:3      | Acquired 967 gold pieces
  4144 | D:4      | Identified the +2 leather armour "Woetwa" {Dex+3}
  4284 | D:4      | Reached skill level 6 in Poison Magic
  4435 | D:4      | Noticed a black bear
  4448 | D:4      | Killed a black bear
  4449 | D:4      | Reached skill level 1 in Air Magic
  4449 | D:4      | Reached XP level 7. HP: 38/50 MP: 5/11
  4670 | D:5      | Entered Level 5 of the Dungeon
  4694 | D:4      | Found a shadowy altar of Dithmenos.
  4694 | D:4      | Found a burning altar of Makhleb.
  4749 | D:4      | Found a staircase to the Ecumenical Temple.
  4758 | Temple   | Entered the Ecumenical Temple
  4841 | Temple   | Became a worshipper of Kikubaaqudgha
  5681 | D:5      | Found Idem's Weapon Emporium.
  6072 | D:5      | Reached skill level 1 in Conjurations
  6077 | D:5      | Reached XP level 8. HP: 49/57 MP: 1/13
  6685 | D:5      | Reached * piety under Kikubaaqudgha
  6685 | D:5      | Received a gift from Kikubaaqudgha
  6694 | D:5      | Learned a level 4 spell: Animate Dead
  7521 | D:6      | Found a snail-covered altar of Cheibriados.
  7621 | D:7      | Paralysed by a wight for 3 turns
  7824 | D:7      | Killed from afar by a wight

Illustrated notes

Levels and vault maps discovered:
D:1:      erik_arrival_triangle_huge, layout_basic, serial_forest,
          infiniplex_forest_clump_C, infiniplex_forest_clump_C,
          infiniplex_forest_lined_3, infiniplex_forest_straight_2,
          infiniplex_forest_lined_2, infiniplex_forest_lined_2,
          infiniplex_forest_straight_2, infiniplex_forest_clump_double,
          minmay_hexomino_u4
D:2:      layout_loops_cross, uniq_jessica, uniq_robin
D:3:      layout_basic, dilly_ecumenical_altar_fadedgnrine, uniq_natasha,
          uniq_ijyb
D:4:      layout_loops_ring, nicolae_overflow_hidden_temple,
          minmay_temple_entry_antechambers, amcnicky_mini_corridor_feature,
          dreamdust_mushroom_princess, minivault_1
D:5:      layout_basic, serial_shops, shop
D:6:      layout_rooms, mainiacjoe_overflow_six_doors_small
D:7:      layout_rooms, mainiacjoe_overflow_alcove_2,
          lemuel_mausoleum_altar_yredelemnul, gammafunk_ghost_berserking_beasts
Temple:   regret_index_temple_sphere_string

Skill      XL: |  1  2  3  4  5  6  7  8 |
---------------+-------------------------+-----
Spellcasting   | 2 3 4 |  4.0
Poison Magic   | 4 5 6 |  6.0
Air Magic      | 1 4 |  4.0
Conjurations   | 1 4 |  4.0
Dodging        | 3 |  3.3
Stealth        | |  2.1
Transmutations | |  0.8

Action                     |  1- 3 |  4- 6 |  7- 9 || total
---------------------------+-------+-------+-------++-------
  Melee: Unarmed           |    26 |       |       ||    26
         Punch             |     2 |     1 |     3 ||     6
         Club              |    46 |       |       ||    46
         Short sword       |    32 |       |       ||    32
         Dagger            |     6 |   168 |   246 ||   420
  Throw: Throwing net      |       |       |     3 ||     3
   Cast: Sting             |    50 |    26 |    20 ||    96
         Poisonous Vapours |       |     3 |     5 ||     8
         Olgreb's Toxic Ra |       |       |    16 ||    16
    Use: Scroll            |       |    10 |     7 ||    17
         Potion            |       |       |     3 ||     3
   Stab: Sleeping          |       |     3 |       ||     3
         Held in net/web   |       |       |     2 ||     2
 Armour: Robe              |    34 |    59 |    69 ||   162
  Dodge: Dodged            |   113 |    80 |   130 ||   323
  Block: Other             |       |    31 |    51 ||    82
         Reflection        |       |       |     1 ||     1

Table legend: (Time is in decaauts)
 A = Elapsed time spent in this place.
 B = Non-inter-level travel time spent in this place.
 C = Inter-level travel time spent in this place.
 D = Time resting spent in this place.
 E = Time spent auto-exploring this place.
 F = Levels seen in this place.
 G = Mean time per level.
                   A        B        C        D        E       F      G
               +--------+--------+--------+--------+--------+-----+--------+
         Total |   7853 |   7713 |    140 |   1397 |   4556 |   8 |  981.6 |
       Dungeon |   7744 |   7628 |    116 |   1397 |   4501 |   7 | 1106.3 |
        Temple |    108 |     84 |     24 |      0 |     55 |   1 |  108.0 |
               +--------+--------+--------+--------+--------+-----+--------+

Top non-repeatable levels by time:
     D:1: 1979 daAuts
     D:5: 1797 daAuts
     D:4: 1314 daAuts
     D:3: 1152 daAuts
     D:2: 985 daAuts
     D:6: 317 daAuts
     D:7: 198 daAuts
  Temple: 108 daAuts
